 Dungeon Crawl Stone Soup version 0.29.0-4-gdea44cf6ec (webtiles) character file.

Game seed: 10387781278230822912

84422 qw the Severer (level 15, 0/94 HPs)
             Began as a Tengu Warper on Aug 28, 2022.
             Was an Elder of Okawaru.
             Slain by Saint Roka
             ... wielding a +1 battleaxe
              (29 damage)
             ... on level 2 of the Orcish Mines.
             The game lasted 00:03:23 (27546 turns).

qw the Severer (Tengu Warper)                      Turns: 27546, Time: 00:03:23

Health: 0/94       AC: 25    Str: 18    XL:     15   Next: 80%
Magic:  23/23      EV: 22    Int: 15    God:    Okawaru [****..]
Gold:   1481       SH: 14    Dex: 19    Spells: 18/18 levels left

rFire   + . .      SeeInvis .   r - +4 broad axe of Distraction {flame, Fly rF+ Int+2}
rCold   . . .      Faith    .   p - +6 buckler of Vaddipn {Dex+2}
rNeg    + . .      Spirit   .   v - +0 storm dragon scales
rPois   +          Reflect  .   (helmet restricted)
rElec   +          Harm     .   g - +1 cloak {rPois}
rCorr   .          Rampage  .   j - +0 pair of gloves
Will    +....      Clarity  +   (boots unavailable)
Stlth   ..........              i - amulet of the acrobat
HPRegen 0.25/turn               a - ring "Wosuruwu" {rN+ AC+4}
MPRegen 0.18/turn               u - +4 ring of evasion

@: heroic, flying quickly and evasively, quick
A: beak, talons 3, nimble flight, agile 1, clarity, passive freeze
a: Renounce Religion, Heroism, Finesse


You were on level 2 of the Orcish Mines.
You worshipped Okawaru.
Okawaru was greatly pleased with you.
You visited 4 branches of the dungeon, and saw 23 of its levels.

You collected 1882 gold pieces.
You spent 401 gold pieces at shops.


Innate Abilities, Weirdness & Mutations

You have a beak for a mouth.
You have claws for feet.
Your magical nature lets you fly swiftly and evasively.
You are agile. (Dex +4, Str/Int -1)
You possess an exceptional clarity of mind.
A frigid envelope surrounds you and freezes all who hurt you.


   Skills:
 - Level 11.0(16.0) Fighting
 - Level 18.0(23.0) Axes
 + Level 7.7(12.7) Throwing
 - Level 11.0(16.0) Armour
 - Level 9.0(14.0) Dodging
 - Level 7.0(12.0) Shields
 - Level 2.0 Spellcasting
 - Level 2.4 Translocations
 - Level 10.1 Invocations


You had 18 spell levels left.
You didn't know any spells.
Your spell library contained the following spells:

 Spells                   Type           Power      Damage    Failure   Level
 Blink                    Tloc           16%        N/A       65%         2
 Gell's Gravitas          Tloc           8%         N/A       87%         3
 Lesser Beckoning         Tloc           8%         N/A       87%         3
 Teleport Other           Tloc           8%         N/A       87%         3
 Manifold Assault         Tloc           8%         N/A       100%        5

Inventory:

Hand Weapons
 h - a +1 vampiric war axe
 r - the +4 broad axe of Distraction (weapon) {flame, Fly rF+ Int+2}
   (You found it on level 5 of the Lair of Beasts)

   It burns those it strikes, dealing additional fire damage.
   Big, fiery blades are also staple armaments of hydra-hunters.
   Int:       It affects your intelligence (+2).
   rF:        It protects you from fire.
   Fly:       It grants you flight.
Missiles
 l - 3 boomerangs
 n - 2 silver boomerangs
 s - 5 javelins (quivered)
 x - a silver javelin
Armour
 d - a +1 plate armour
 f - a scarf of repulsion
 g - a +1 cloak of poison resistance (worn)
 j - a +0 pair of gloves (worn)
 p - the +6 buckler of Vaddipn (worn) {Dex+2}
   (Okawaru gifted it to you on level 5 of the Lair of Beasts)

   Dex:       It affects your dexterity (+2).
 v - +0 storm dragon scales (worn)
Jewellery
 a - the ring "Wosuruwu" (left hand) {rN+ AC+4}
   (You acquired it on level 1 of the Dungeon)

   [ring of protection]

   AC:        It affects your AC (+4).
   rN:        It protects you from negative energy.
 b - a ring of fire
 i - an amulet of the acrobat (around neck)
 u - a +4 ring of evasion (right hand)
Scrolls
 c - 7 scrolls of identify
 m - a scroll of enchant weapon
 q - 3 scrolls of teleportation
Potions
 e - 4 potions of might
 k - 3 potions of mutation
 o - 4 potions of magic
 t - 14 potions of curing
 w - 2 potions of haste

Dungeon Overview and Level Annotations

Branches:
Dungeon (15/15)            Temple (1/1) D:4            Lair (5/5) D:10
  Swamp (0/4) Lair:3       Spider (0/4) Lair:2        Slime (0/5) Lair:5
    Orc (2/2) D:9             Elf (0/3) Orc:2        Vaults (0/5) D:14
 Depths (0/4) D:15

Altars:
Ashenzari
Cheibriados
Dithmenos
Elyvilon
Fedhas
Gozag
Hepliaklqana
Kikubaaqudgha
Makhleb
Nemelex Xobeh
Okawaru
Qazlal
Ru
Sif Muna
Trog
Uskayaw
Vehumet
Wu Jian
Xom
Yredelemnul
Zin
The Shining One

Shops:
D:1 :   D:9 *   D:12 *   Orc:2 (

Annotations:
D:6 1 runed translucent door, qw's ghost, novice TeWr
D:9 4 transporters
D:12 2 runed translucent doors
Lair:3 2 transporters, qw's ghost, journeyman TeWr
Orc:2 Saint Roka


Message History

Okawaru accepts your kill.
You slash the orc! You burn the orc.
You kill the orc!
You hit Saint Roka but do no damage. Saint Roka misses you.
You hit Saint Roka but do no damage. You claw Saint Roka, but do no damage.
Saint Roka is lightly wounded.
Saint Roka invokes the aid of Beogh against you.
Beogh smites you!
The orc priest looks encouraged for a moment.
You hit Saint Roka but do no damage. You peck Saint Roka, but do no damage.
Saint Roka is lightly wounded.
You hit the orc. You burn the orc.
The orc unwields a +1 shortbow of freezing.
You block the orc's attack.
You barely miss the orc. Your kick misses the orc.
The orc is moderately wounded.
You hit Saint Roka but do no damage. You block Saint Roka's attack.
You hit the orc. You burn the orc.
You kill the orc!
You completely miss Saint Roka. You slash the orc priest!
You burn the orc priest.
You kill the orc priest!
Okawaru accepts your kill. You block Saint Roka's attack.
An orc warrior comes into view. It is wielding a +0 mace.
The orc warrior shouts!
You slash Saint Roka! You burn Saint Roka.
You peck Saint Roka, but do no damage.
Saint Roka is moderately wounded.
Saint Roka roars a battlecry!
The orc warrior goes into a battle-frenzy!
You hit Saint Roka but do no damage. Your kick misses Saint Roka.
Saint Roka is moderately wounded.
You slash Saint Roka! You burn Saint Roka. Your kick misses Saint Roka.
You peck Saint Roka.
Saint Roka is moderately wounded.
Saint Roka hits you with a +1 battleaxe!!
You die...

...##..................)[........
....#.#..............)).)........
##.#................^).))........
##...........................).
#............................
#......o............).........
##........................)....
............)o................
##...........)@...[.....)......
##............).....<..##)).....
.....#................##)##.....
......#.......).......))).).....
...#...................)).))....
#...........#.........))))))...
####.......#............)).#...
##....................><...#
##...................[##.##


You could see Saint Roka and an orc warrior (strong).

Vanquished Creatures
  Rupert (Lair:3)
  Nessos (Lair:3)
  Snorg (Lair:3)
  An ettin (D:15)
  4 boulder beetles
  Erolcha (Orc:1)
  2 ogre magi (D:15)
  8 hydras
  12 two-headed ogres
  3 centaur warriors
  A catoblepas (Lair:5)
  A deep troll shaman (Lair:5)
  3 death yaks (Lair:5)
  Urug (Lair:2)
  Sonja (Orc:2)
  5 skeletal warriors (D:14)
  3 deep trolls (D:15)
  A bog body (Lair:3)
  Pikel (D:9)
  2 orc knights (Orc:2)
  2 lindwurms (Lair:5)
  2 necromancers (D:15)
  A deep elf pyromancer (D:15)
  2 orc sorcerers (Orc:2)
  3 cyclopes
  13 ugly things
  2 manticores
  2 elephants (Lair:5)
  Maurice (D:10)
  16 cane toads
  3 black mambas
  A gargoyle (D:13)
  A torpor snail (Lair:5)
  An unseen horror (D:12)
  2 komodo dragons
  An unseen horror (shapeshifter) (D:14)
  3 efreet
  A queen bee (Orc:1)
  5 trolls
  5 polar bears
  4 slime creatures (D:14)
  Prince Ribbit (D:8)
  9 blink frogs
  3 culicivoras (Lair:2)
  Sigmund (D:5)
  A shadow (D:10)
  A vampire (D:11)
  4 wyverns
  44 yaks
  2 steam dragons
  3 basilisks
  A hog (shapeshifter) (D:15)
  2 wargs (Orc:2)
  6 vampire mosquitoes
  2 swamp worms (Lair:3)
  11 water moccasins
  2 black bears
  15 orc warriors
  A sky beast (D:6)
  21 wolves
  2 centaurs
  4 ogres
  2 lemures (D:9)
  3 kobold brigands
  11 bullfrogs
  2 gnoll sergeants
  3 scorpions
  2 necrophages
  33 killer bees
  7 electric eels
  5 howler monkeys
  9 lava snakes
  5 hounds
  3 jellies
  13 orc priests
  A gnoll bouda (D:8)
  Jessica (D:2)
  Natasha (thrice) (D:3)
  5 iguanas
  24 orc wizards
  6 hell rats (Lair:4)
  A statue (D:5)
  22 gnolls
  15 adders
  2 white imps
  An ufetubus (D:4)
  3 worms
  61 orcs
  2 bats
  9 endoplasms
  A giant cockroach (D:4)
  10 goblins
  7 hobgoblins
  4 jackals (D:4)
  6 quokkas
  11 ball pythons
  2 frilled lizards
  28 kobolds
  9 rats
  4 rat zombies (D:9)
596 creatures vanquished.

Vanquished Creatures (others)
  A centaur warrior (D:15)
  11 fungi
  24 plants
36 creatures vanquished.

Grand Total: 632 creatures vanquished

Notes
Turn   | Place    | Note
-------+----------+-------------------------------------------
     0 | D:1      | qw the Tengu Warper began the quest for the Orb.
     0 | D:1      | Reached XP level 1. HP: 12/12 MP: 4/4
     0 | D:1      | 0 ||| qw: Version: 0.1-a-89-g26bdef1
     0 | D:1      | 0 ||| qw: Game counter: 3275
     0 | D:1      | 0 ||| qw: Always use a shield: true
     0 | D:1      | 0 ||| qw: God list: Okawaru
     0 | D:1      | 0 ||| qw: Allow faded altars: false
     0 | D:1      | 0 ||| qw: Do Orc after D:15 true
     0 | D:1      | 0 ||| qw: Do second Lair branch before Depths: true
     0 | D:1      | 0 ||| qw: Lair rune preference: random
     0 | D:1      | 0 ||| qw: Plans: Normal
     0 | D:1      | 0 ||| PLANNING D:1-11
    18 | D:1      | Found Nemom's Book Shop.
   220 | D:1      | 220 ||| Stepping ~*~*~tactically~*~*~ (stealth).
   224 | D:1      | 224 ||| Stepping ~*~*~tactically~*~*~ (stealth).
   230 | D:1      | Reached XP level 2. HP: 17/17 MP: 6/6
   239 | D:1      | Reached skill level 3 in Axes
   597 | D:1      | 597 ||| READING scroll labelled WUDAJA LUDDEUMN.
   602 | D:1      | Found a faded altar of an unknown god.
   616 | D:1      | 616 ||| READING scroll labelled FETZIO LOCSO.
   616 | D:1      | Identified a scroll of acquirement
   616 | D:1      | 616 ||| ACQUIRING ring "Wosuruwu" {rN+ AC+4}
   616 | D:1      | Acquired the ring "Wosuruwu" {rN+ AC+4}
   617 | D:1      | 617 ||| READING 3 scrolls labelled USIKKI DABRISA.
   618 | D:1      | 618 ||| READING 2 scrolls of enchant weapon.
   618 | D:1      | 618 ||| ENCHANTING +1 hand axe.
   619 | D:1      | 619 ||| READING scroll of enchant weapon.
   619 | D:1      | 619 ||| ENCHANTING +2 hand axe.
   620 | D:1      | 620 ||| DRINKING 2 bubbling silvery potions.
   957 | D:1      | 957 ||| UPGRADING to ring "Wosuruwu" {rN+ AC+4}.
   958 | D:1      | 958 ||| DROPPING scroll of blinking.
   959 | D:1      | 959 ||| DROPPING potion of magic.
   990 | D:2      | Reached XP level 3. HP: 21/21 MP: 7/7
  1025 | D:2      | Reached skill level 4 in Axes
  1266 | D:2      | 1266 ||| Stepping ~*~*~tactically~*~*~ (stealth).
  1268 | D:2      | 1268 ||| Stepping ~*~*~tactically~*~*~ (stealth).
  1382 | D:2      | 1382 ||| Stepping ~*~*~tactically~*~*~ (stealth).
  1470 | D:2      | 1470 ||| Stepping ~*~*~tactically~*~*~ (stealth).
  1473 | D:2      | 1473 ||| Stepping ~*~*~tactically~*~*~ (stealth).
  1476 | D:2      | 1476 ||| Stepping ~*~*~tactically~*~*~ (stealth).
  1479 | D:2      | Reached XP level 4. HP: 26/26 MP: 8/8
  1482 | D:2      | Noticed Jessica
  1483 | D:2      | 1483 ||| Stepping ~*~*~tactically~*~*~ (hiding).
  1492 | D:2      | Killed Jessica
  1493 | D:2      | Reached skill level 5 in Axes
  1802 | D:2      | 1802 ||| DROPPING orb of light.
  1803 | D:2      | 1803 ||| DROPPING amulet of faith.
  1804 | D:2      | 1804 ||| UPGRADING to amulet of the acrobat.
  1809 | D:2      | 1809 ||| READING scroll labelled EHARPH MIUPREORCH.
  1810 | D:2      | 1810 ||| READING 2 scrolls labelled ENWEAG HAMOQO.
  1811 | D:2      | 1811 ||| DROPPING scroll of noise.
  1829 | D:3      | 1829 ||| STAIRDANCE
  1834 | D:3      | 1834 ||| STAIRDANCE
  1843 | D:3      | 1843 ||| Stepping ~*~*~tactically~*~*~ (stealth).
  1855 | D:3      | 1855 ||| Stepping ~*~*~tactically~*~*~ (stealth).
  1857 | D:3      | 1857 ||| Stepping ~*~*~tactically~*~*~ (stealth).
  1938 | D:3      | Found the +4 robe of Augmentation {Str+4 Int+4 Dex+4}
  2014 | D:3      | Found a sparkling altar of Nemelex Xobeh.
  2019 | D:3      | 2019 ||| Stepping ~*~*~tactically~*~*~ (stealth).
  2020 | D:3      | 2020 ||| Stepping ~*~*~tactically~*~*~ (stealth).
  2026 | D:3      | 2026 ||| Stepping ~*~*~tactically~*~*~ (stealth).
  2099 | D:3      | Gained mutation: Your magical nature lets you fly swiftly
                  | and evasively. [Tengu growth]
  2099 | D:3      | Reached XP level 5. HP: 30/30 MP: 9/9
  2133 | D:3      | Found a hide-covered altar of Uskayaw.
  2181 | D:3      | Noticed Natasha
  2182 | D:3      | 2182 ||| Stepping ~*~*~tactically~*~*~ (hiding).
  2191 | D:3      | Killed Natasha
  2231 | D:3      | 2231 ||| READING scroll of enchant weapon.
  2231 | D:3      | 2231 ||| ENCHANTING +3 hand axe.
  2299 | D:3      | Found a glowing silver altar of Zin.
  2390 | D:3      | Noticed Natasha
  2391 | D:3      | 2391 ||| Stepping ~*~*~tactically~*~*~ (stealth).
  2392 | D:3      | 2392 ||| Stepping ~*~*~tactically~*~*~ (stealth).
  2394 | D:3      | 2394 ||| Stepping ~*~*~tactically~*~*~ (stealth).
  2400 | D:3      | Killed Natasha
  2401 | D:3      | Reached skill level 6 in Axes
  2486 | D:3      | 2486 ||| UPGRADING to +4 robe of Augmentation {Str+4 Int+4
                  | Dex+4}.
  2496 | D:3      | 2496 ||| DROPPING +0 leather armour.
  2497 | D:3      | 2497 ||| UPGRADING to +0 buckler.
  2502 | D:3      | 2502 ||| DROPPING amulet of magic regeneration.
  2503 | D:3      | 2503 ||| UPGRADING to ring of protection from cold.
  2504 | D:3      | 2504 ||| READING 2 scrolls labelled NOLOOC KIHYPSE.
  2507 | D:3      | Noticed Natasha
  2508 | D:3      | 2508 ||| Stepping ~*~*~tactically~*~*~ (stealth).
  2510 | D:3      | 2510 ||| Stepping ~*~*~tactically~*~*~ (stealth).
  2512 | D:3      | 2512 ||| Stepping ~*~*~tactically~*~*~ (hiding).
  2513 | D:3      | 2513 ||| Stepping ~*~*~tactically~*~*~ (hiding).
  2518 | D:3      | Killed Natasha
  2519 | D:3      | Reached skill level 1 in Shields
  2642 | D:2      | 2642 ||| DRINKING 2 yellow potions.
  2687 | D:2      | 2687 ||| DROPPING potion of lignification.
  2722 | D:3      | 2722 ||| READING scroll of teleportation.
  2723 | D:3      | 2723 ||| STAIRDANCE
  2815 | D:3      | 2815 ||| Stepping randomly (stuck).
  2887 | D:4      | 2887 ||| Stepping ~*~*~tactically~*~*~ (stealth).
  2933 | D:4      | Found an ornate altar of the Wu Jian Council.
  2952 | D:4      | 2952 ||| Stepping ~*~*~tactically~*~*~ (stealth).
  2999 | D:4      | Found a bloodstained altar of Trog.
  3004 | D:4      | 3004 ||| Stepping ~*~*~tactically~*~*~ (stealth).
  3011 | D:4      | Reached XP level 6. HP: 35/35 MP: 10/10
  3032 | D:4      | 3032 ||| Stepping ~*~*~tactically~*~*~ (stealth).
  3068 | D:4      | Reached skill level 3 in Dodging
  3101 | D:4      | 3101 ||| Stepping ~*~*~tactically~*~*~ (stealth).
  3103 | D:4      | 3103 ||| Stepping ~*~*~tactically~*~*~ (stealth).
  3105 | D:4      | 3105 ||| Stepping ~*~*~tactically~*~*~ (stealth).
  3147 | D:4      | 3147 ||| Stepping ~*~*~tactically~*~*~ (stealth).
  3151 | D:4      | 3151 ||| Stepping ~*~*~tactically~*~*~ (stealth).
  3152 | D:4      | 3152 ||| Stepping ~*~*~tactically~*~*~ (stealth).
  3154 | D:4      | 3154 ||| Stepping ~*~*~tactically~*~*~ (stealth).
  3198 | D:4      | Found a staircase to the Ecumenical Temple.
  3199 | D:4      | 3199 ||| PLANNING TEMPLE
  3199 | D:4      | 3199 ||| READING scroll labelled OROAZX XIECUPH.
  3200 | D:4      | 3200 ||| DRINKING 2 white potions.
  3200 | D:4      | Gained mutation: You have hidden genetic potential. [potion
                  | of mutation]
  3200 | D:4      | Gained mutation: You are agile. (Dex +4, Str/Int -1)
                  | [potion of mutation]
  3207 | Temple   | Entered the Ecumenical Temple
  3265 | Temple   | Became a worshipper of Warmaster Okawaru
  3351 | Temple   | 3351 ||| PLANNING D:1-11
  3481 | D:4      | 3481 ||| Stepping ~*~*~tactically~*~*~ (stealth).
  3483 | D:4      | 3483 ||| Stepping ~*~*~tactically~*~*~ (stealth).
  3917 | D:4      | Reached skill level 7 in Axes
  3957 | D:4      | Found a shimmering blue altar of Sif Muna.
  4035 | D:4      | 4035 ||| READING scroll labelled YJEIBU SAGUFAU.
  4036 | D:4      | 4036 ||| READING scroll labelled XEEZU BIQOGE.
  4037 | D:4      | 4037 ||| DRINKING 2 viscous emerald potions.
  4038 | D:4      | 4038 ||| Stepping randomly (stuck).
  4039 | D:4      | 4039 ||| Stepping ~*~*~tactically~*~*~ (cloud).
  4218 | D:3      | 4218 ||| Stepping randomly (stuck).
  4237 | D:3      | Found a broken altar of Ashenzari.
  4239 | D:3      | Found a burning altar of Makhleb.
  4350 | D:4      | 4350 ||| Stepping randomly (stuck).
  4384 | D:3      | 4384 ||| Stepping randomly (stuck).
  4422 | D:5      | Entered Level 5 of the Dungeon
  4423 | D:5      | 4423 ||| PLANNING OSSUARY
  4434 | D:5      | Noticed Sigmund
  4435 | D:5      | 4435 ||| Stepping ~*~*~tactically~*~*~ (hiding).
  4539 | D:5      | 4539 ||| DRINKING potion of curing.
  4539 | D:5      | 4539 ||| (to cure confusion)
  4544 | D:5      | Killed Sigmund
  4544 | D:5      | Reached * piety under Okawaru
  4545 | D:5      | Reached skill level 3 in Fighting
  4545 | D:5      | Reached XP level 7. HP: 42/42 MP: 11/11
  4568 | D:5      | Gained mutation: A frigid envelope surrounds you and
                  | freezes all who hurt you. [hidden potential]
  4662 | D:5      | Reached skill level 1 in Invocations
  4718 | D:5      | 4718 ||| INVOKING Heroism.
  4769 | D:5      | You are sucked into a shaft and drop 3 floors!
  4851 | D:7      | 4851 ||| DROPPING +0 mace.
  4855 | D:7      | Reached XP level 8. HP: 48/48 MP: 12/12
  4906 | D:6      | 4906 ||| DRINKING 2 fizzy purple potions.
  4907 | D:6      | 4907 ||| DROPPING potion of brilliance.
  4919 | D:5      | 4919 ||| INVOKING Heroism.
  5061 | D:5      | Found a radiant altar of Vehumet.
  5062 | D:5      | 5062 ||| INVOKING Heroism.
  5094 | D:5      | 5094 ||| RIP OSSUARY
  5097 | D:5      | 5097 ||| PLANNING D:1-11
  5160 | D:5      | 5160 ||| INVOKING Heroism.
  5163 | D:5      | Reached skill level 3 in Invocations
  5181 | D:5      | Gained mutation: You possess an exceptional clarity of
                  | mind. [hidden potential]
  5181 | D:5      | Lost mutation: You have hidden genetic potential. [hidden
                  | potential expressed]
  5252 | D:5      | Found a glowing golden altar of the Shining One.
  5262 | D:5      | 5262 ||| Stepping ~*~*~tactically~*~*~ (stealth).
  5268 | D:5      | 5268 ||| INVOKING Heroism.
  5275 | D:5      | Reached ** piety under Okawaru
  5335 | D:5      | 5335 ||| SWAPPING to +2 hand axe of flaming.
  5336 | D:5      | 5336 ||| DROPPING +0 flail.
  5337 | D:5      | 5337 ||| DROPPING +4 hand axe.
  5476 | D:5      | 5476 ||| FLEEEEING.
  5477 | D:5      | 5477 ||| FLEEEEING.
  5478 | D:5      | 5478 ||| FLEEEEING.
  5520 | D:5      | 5520 ||| Stepping ~*~*~tactically~*~*~ (stealth).
  5521 | D:5      | 5521 ||| Stepping ~*~*~tactically~*~*~ (stealth).
  5522 | D:5      | 5522 ||| Stepping ~*~*~tactically~*~*~ (stealth).
  5540 | D:5      | 5540 ||| Stepping ~*~*~tactically~*~*~ (stealth).
  5546 | D:5      | 5546 ||| Stepping ~*~*~tactically~*~*~ (hiding).
  5636 | D:5      | Found a sacrificial altar of Ru.
  5754 | D:5      | 5754 ||| UPGRADING to +0 chain mail.
  5764 | D:5      | 5764 ||| DROPPING +4 robe of Augmentation {Str+4 Int+4
                  | Dex+4}.
  5765 | D:5      | 5765 ||| READING 2 scrolls of identify.
  5765 | D:5      | 5765 ||| IDENTIFYING brown potion
  5914 | D:6      | 5914 ||| INVOKING Heroism.
  5917 | D:6      | 5917 ||| Stepping ~*~*~tactically~*~*~ (stealth).
  5918 | D:6      | 5918 ||| Stepping ~*~*~tactically~*~*~ (hiding).
  5919 | D:6      | 5919 ||| Stepping ~*~*~tactically~*~*~ (hiding).
  5933 | D:6      | Reached skill level 8 in Axes
  5945 | D:6      | 5945 ||| FLEEEEING.
  5946 | D:6      | 5946 ||| FLEEEEING.
  5947 | D:6      | 5947 ||| FLEEEEING.
  6090 | D:6      | 6090 ||| FLEEEEING.
  6119 | D:6      | 6119 ||| INVOKING Heroism.
  6144 | D:6      | Found a runed translucent door.
  6230 | D:6      | 6230 ||| READING scroll of enchant weapon.
  6230 | D:6      | 6230 ||| ENCHANTING +2 hand axe of flaming.
  6293 | D:6      | Reached skill level 9 in Axes
  6453 | D:6      | 6453 ||| Stepping ~*~*~tactically~*~*~ (hiding).
  6457 | D:6      | 6457 ||| INVOKING Heroism.
  6461 | D:6      | Reached skill level 3 in Armour
  6461 | D:6      | Reached XP level 9. HP: 50/52 MP: 10/13
  6716 | D:6      | Noticed qw's ghost (novice TeWr)
  6718 | D:6      | 6718 ||| DROPPING amulet of guardian spirit.
  6719 | D:6      | 6719 ||| READING scroll labelled DISEYFOICI.
  6720 | D:6      | 6720 ||| DRINKING 2 black potions.
  6721 | D:6      | 6721 ||| DRINKING 2 silvery potions.
  6722 | D:6      | 6722 ||| DROPPING potion of flight.
  6723 | D:6      | 6723 ||| DROPPING potion of invisibility.
  6771 | D:7      | 6771 ||| STAIRDANCE
  6863 | D:7      | 6863 ||| STAIRDANCE
  6970 | D:7      | 6970 ||| STAIRDANCE
  7019 | D:6      | 7019 ||| READING scroll labelled LUEMUI QEREEXU.
  7082 | D:7      | 7082 ||| INVOKING Heroism.
  7099 | D:7      | Reached *** piety under Okawaru
  7282 | D:7      | Found an opulent altar of Gozag.
  7579 | D:7      | 7579 ||| UPGRADING to +0 plate armour.
  7589 | D:7      | 7589 ||| DROPPING +0 chain mail.
  7590 | D:7      | 7590 ||| READING 3 scrolls of identify.
  7590 | D:7      | 7590 ||| IDENTIFYING fuming dark potion
  7591 | D:7      | 7591 ||| READING 2 scrolls of identify.
  7591 | D:7      | 7591 ||| IDENTIFYING murky purple potion
  7592 | D:7      | 7592 ||| DROPPING potion of degeneration.
  7593 | D:7      | 7593 ||| DROPPING potion of berserk rage.
  7690 | D:8      | 7690 ||| Stepping ~*~*~tactically~*~*~ (stealth).
  7699 | D:8      | 7699 ||| Stepping ~*~*~tactically~*~*~ (stealth).
  7709 | D:8      | 7709 ||| INVOKING Heroism.
  7770 | D:8      | 7770 ||| Stepping ~*~*~tactically~*~*~ (hiding).
  7774 | D:8      | 7774 ||| INVOKING Heroism.
  7778 | D:8      | Reached skill level 10 in Axes
  8169 | D:8      | 8169 ||| INVOKING Heroism.
  8348 | D:8      | 8348 ||| INVOKING Heroism.
  8434 | D:8      | 8434 ||| Stepping ~*~*~tactically~*~*~ (hiding).
  8442 | D:8      | 8442 ||| INVOKING Heroism.
  8445 | D:8      | Reached skill level 3 in Shields
  8467 | D:8      | 8467 ||| Stepping ~*~*~tactically~*~*~ (stealth).
  8469 | D:8      | 8469 ||| Stepping ~*~*~tactically~*~*~ (hiding).
  8503 | D:8      | Noticed Prince Ribbit
  8504 | D:8      | 8504 ||| Stepping ~*~*~tactically~*~*~ (stealth).
  8505 | D:8      | 8505 ||| Stepping ~*~*~tactically~*~*~ (stealth).
  8507 | D:8      | 8507 ||| INVOKING Heroism.
  8521 | D:8      | 8521 ||| INVOKING Heroism.
  8522 | D:8      | Killed Prince Ribbit
  8614 | D:8      | 8614 ||| INVOKING Heroism.
  8617 | D:8      | HP: 12/54 [lava snake/glob of lava (11)]
  8618 | D:8      | 8618 ||| READING 3 scrolls of teleportation.
  8619 | D:8      | 8619 ||| DRINKING 3 potions of heal wounds.
  8864 | D:8      | 8864 ||| Stepping ~*~*~tactically~*~*~ (stealth).
  8880 | D:8      | 8880 ||| INVOKING Heroism.
  9069 | D:9      | Found Ukhixtibla's Assorted Antiques.
  9073 | D:9      | 9073 ||| INVOKING Heroism.
  9083 | D:9      | Reached skill level 11 in Axes
  9096 | D:9      | Reached XP level 10. HP: 39/59 MP: 14/14
  9122 | D:9      | 9122 ||| FLEEEEING.
  9123 | D:9      | 9123 ||| FLEEEEING.
  9124 | D:9      | 9124 ||| STAIRDANCE
  9202 | D:9      | 9202 ||| STAIRDANCE
  9212 | D:9      | 9212 ||| STAIRDANCE
  9227 | D:9      | 9227 ||| INVOKING Heroism.
  9228 | D:9      | 9228 ||| STAIRDANCE
  9263 | D:9      | 9263 ||| BUYING glowing chain mail (217 gold).
  9263 | D:9      | Bought a glowing chain mail for 217 gold pieces
  9263 | D:9      | 9263 ||| SHOPLISTING masterwork hand axe (232 gold, have
                  | 74).
  9263 | D:9      | 9263 ||| SHOPLISTING scroll of enchant weapon (217 gold,
                  | have 74).
  9263 | D:9      | 9263 ||| BUYING scroll of identify (58 gold).
  9263 | D:9      | Bought a scroll of identify for 58 gold pieces
  9263 | D:9      | 9263 ||| SHOPLISTING scroll of teleportation (87 gold, have
                  | 16).
  9317 | D:9      | 9317 ||| INVOKING Heroism.
  9318 | D:9      | 9318 ||| Stepping ~*~*~tactically~*~*~ (cloud).
  9511 | D:9      | Found a staircase to the Orcish Mines.
  9516 | D:9      | 9516 ||| Stepping ~*~*~tactically~*~*~ (stealth).
  9519 | D:9      | 9519 ||| INVOKING Heroism.
  9524 | D:9      | 9524 ||| Stepping ~*~*~tactically~*~*~ (stealth).
  9532 | D:9      | 9532 ||| Stepping ~*~*~tactically~*~*~ (stealth).
  9541 | D:9      | 9541 ||| Stepping ~*~*~tactically~*~*~ (stealth).
  9545 | D:9      | 9545 ||| Stepping ~*~*~tactically~*~*~ (stealth).
  9560 | D:9      | 9560 ||| Stepping ~*~*~tactically~*~*~ (stealth).
  9562 | D:9      | 9562 ||| Stepping ~*~*~tactically~*~*~ (hiding).
  9564 | D:9      | 9564 ||| Stepping ~*~*~tactically~*~*~ (hiding).
  9575 | D:9      | Reached skill level 12 in Axes
  9578 | D:9      | 9578 ||| INVOKING Heroism.
  9721 | D:9      | Noticed Pikel
  9725 | D:9      | 9725 ||| INVOKING Heroism.
  9728 | D:9      | 9728 ||| Stepping ~*~*~tactically~*~*~ (stealth).
  9735 | D:9      | Killed Pikel
  9735 | D:9      | Reached **** piety under Okawaru
  9736 | D:9      | Reached skill level 6 in Fighting
  9839 | D:9      | Found a transporter.
  9845 | D:9      | Found a transporter.
  9847 | D:9      | Found a transporter.
  9889 | D:9      | Found a transporter.
  9906 | D:9      | 9906 ||| Stepping ~*~*~tactically~*~*~ (hiding).
  9975 | D:9      | Noticed a two-headed ogre
  9976 | D:9      | 9976 ||| INVOKING Heroism.
  9984 | D:9      | Killed a two-headed ogre
 10295 | D:9      | 10295 ||| Stepping ~*~*~tactically~*~*~ (stealth).
 10312 | D:9      | Found an ancient bone altar of Kikubaaqudgha.
 10367 | D:9      | 10367 ||| DROPPING +2 chain mail of positive energy.
 10368 | D:9      | 10368 ||| READING scroll labelled KOENIRI HEEWK.
 10469 | D:9      | 10469 ||| READING 4 scrolls labelled NEUNEATHRIL.
 10491 | D:9      | 10491 ||| READING 3 scrolls of identify.
 10491 | D:9      | 10491 ||| IDENTIFYING coppery potion
 10492 | D:9      | 10492 ||| READING 2 scrolls of identify.
 10492 | D:9      | 10492 ||| IDENTIFYING murky yellow potion
 10493 | D:9      | 10493 ||| DROPPING potion of ambrosia.
 10494 | D:9      | 10494 ||| DROPPING potion of attraction.
 10506 | D:10     | Entered Level 10 of the Dungeon
 10524 | D:10     | 10524 ||| INVOKING Heroism.
 10526 | D:10     | 10526 ||| Stepping ~*~*~tactically~*~*~ (cloud).
 10528 | D:10     | 10528 ||| Stepping ~*~*~tactically~*~*~ (cloud).
 10562 | D:10     | 10562 ||| SWAPPING to +0 war axe.
 10563 | D:10     | 10563 ||| DROPPING +3 spectral hand axe.
 10564 | D:10     | 10564 ||| READING 3 scrolls of brand weapon.
 10564 | D:10     | 10564 ||| BRANDING +0 war axe.
 10565 | D:10     | 10565 ||| READING 2 scrolls of brand weapon.
 10565 | D:10     | 10565 ||| BRANDING +0 war axe of venom.
 10566 | D:10     | 10566 ||| READING scroll of brand weapon.
 10566 | D:10     | 10566 ||| BRANDING +0 vorpal war axe.
 10595 | D:10     | 10595 ||| Stepping ~*~*~tactically~*~*~ (stealth).
 10598 | D:10     | 10598 ||| INVOKING Heroism.
 10601 | D:10     | 10601 ||| Stepping ~*~*~tactically~*~*~ (stealth).
 10603 | D:10     | Reached skill level 6 in Armour
 10612 | D:10     | Reached ***** piety under Okawaru
 10613 | D:10     | Reached skill level 6 in Invocations
 10709 | D:10     | 10709 ||| INVOKING Heroism.
 10739 | D:10     | 10739 ||| FLEEEEING.
 10741 | D:10     | 10741 ||| INVOKING Heroism.
 10751 | D:10     | HP: 15/60 [electric eel/bolt of electricity (9)]
 10751 | D:10     | HP: 7/60 [electric eel/bolt of electricity (8)]
 10752 | D:10     | 10752 ||| READING 3 scrolls of teleportation.
 10753 | D:10     | 10753 ||| DRINKING 3 potions of heal wounds.
 10756 | D:10     | Reached XP level 11. HP: 26/64 MP: 14/16
 10950 | D:10     | 10950 ||| INVOKING Heroism.
 10964 | D:10     | HP: 16/64 [electric eel/bolt of electricity (4)]
 10965 | D:10     | 10965 ||| READING 2 scrolls of teleportation.
 10966 | D:10     | 10966 ||| DRINKING 2 potions of heal wounds.
 11146 | D:10     | 11146 ||| INVOKING Heroism.
 11190 | D:10     | Found a shadowy altar of Dithmenos.
 11409 | D:10     | Identified the +10 rapier "Zedwan" {vamp, rN+}
 11479 | D:10     | Noticed Maurice
 11480 | D:10     | 11480 ||| Stepping ~*~*~tactically~*~*~ (hiding).
 11503 | D:10     | Killed Maurice
 11696 | D:10     | Found a staircase to the Lair.
 11730 | D:10     | 11730 ||| INVOKING Heroism.
 11738 | D:10     | HP: 14/64 [electric eel/bolt of electricity (14)]
 11739 | D:10     | 11739 ||| READING 2 scrolls of teleportation.
 11740 | D:10     | 11740 ||| DRINKING potion of heal wounds.
 12058 | D:10     | 12058 ||| INVOKING Heroism.
 12088 | D:10     | Noticed a two-headed ogre
 12089 | D:10     | 12089 ||| FLEEEEING.
 12090 | D:10     | 12090 ||| FLEEEEING.
 12091 | D:10     | 12091 ||| FLEEEEING.
 12092 | D:10     | 12092 ||| FLEEEEING.
 12093 | D:10     | 12093 ||| FLEEEEING.
 12094 | D:10     | 12094 ||| FLEEEEING.
 12095 | D:10     | 12095 ||| FLEEEEING.
 12096 | D:10     | 12096 ||| FLEEEEING.
 12097 | D:10     | 12097 ||| FLEEEEING.
 12160 | D:10     | 12160 ||| INVOKING Heroism.
 12172 | D:10     | Killed a two-headed ogre
 12173 | D:10     | Reached skill level 3 in Throwing
 12262 | D:10     | 12262 ||| READING scroll of enchant armour.
 12262 | D:10     | 12262 ||| ENCHANTING +0 plate armour.
 12615 | D:10     | 12615 ||| PLANNING LAIR
 12615 | D:10     | 12615 ||| UPGRADING to +0 cloak of poison resistance.
 12671 | Lair:1   | Entered Level 1 of the Lair of Beasts
 12672 | Lair:1   | 12672 ||| INVOKING Heroism.
 12812 | Lair:1   | 12812 ||| INVOKING Heroism.
 12823 | Lair:1   | Reached skill level 13 in Axes
 12892 | Lair:1   | 12892 ||| Stepping ~*~*~tactically~*~*~ (stealth).
 12893 | Lair:1   | 12893 ||| Stepping ~*~*~tactically~*~*~ (stealth).
 12898 | Lair:1   | 12898 ||| INVOKING Heroism.
 12948 | Lair:1   | 12948 ||| READING scroll of enchant weapon.
 12948 | Lair:1   | 12948 ||| ENCHANTING +0 war axe of protection.
 12965 | Lair:1   | 12965 ||| INVOKING Heroism.
 12970 | Lair:1   | Received a gift from Okawaru
 12971 | Lair:1   | 12971 ||| Stepping ~*~*~tactically~*~*~ (stealth).
 12972 | Lair:1   | 12972 ||| Stepping ~*~*~tactically~*~*~ (stealth).
 13032 | Lair:1   | 13032 ||| Stepping ~*~*~tactically~*~*~ (stealth).
 13038 | Lair:1   | 13038 ||| Stepping ~*~*~tactically~*~*~ (stealth).
 13098 | Lair:1   | 13098 ||| Stepping ~*~*~tactically~*~*~ (stealth).
 13099 | Lair:1   | 13099 ||| Stepping ~*~*~tactically~*~*~ (stealth).
 13143 | Lair:1   | 13143 ||| Stepping ~*~*~tactically~*~*~ (stealth).
 13144 | Lair:1   | 13144 ||| INVOKING Heroism.
 13250 | Lair:1   | Received a gift from Okawaru
 13251 | Lair:1   | 13251 ||| INVOKING Heroism.
 13533 | Lair:1   | 13533 ||| INVOKING Heroism.
 13653 | Lair:1   | 13653 ||| INVOKING Heroism.
 13800 | Lair:1   | 13800 ||| DROPPING orb of mayhem.
 13801 | Lair:1   | 13801 ||| DROPPING ring of willpower.
 13802 | Lair:1   | 13802 ||| UPGRADING to +4 ring of evasion.
 13804 | Lair:1   | 13804 ||| DROPPING ring of protection from cold.
 13805 | Lair:1   | 13805 ||| READING 3 scrolls of identify.
 13805 | Lair:1   | 13805 ||| IDENTIFYING bubbling pink potion
 13806 | Lair:1   | 13806 ||| DRINKING potion of experience.
 13806 | Lair:1   | Reached skill level 14 in Axes
 13806 | Lair:1   | Reached XP level 12. HP: 70/70 MP: 18/20
 13818 | Lair:1   | 13818 ||| READING 2 scrolls of identify.
 13818 | Lair:1   | 13818 ||| IDENTIFYING blue potion
 13843 | Lair:2   | 13843 ||| INVOKING Heroism.
 13846 | Lair:2   | 13846 ||| Stepping ~*~*~tactically~*~*~ (stealth).
 13847 | Lair:2   | 13847 ||| Stepping ~*~*~tactically~*~*~ (stealth).
 13854 | Lair:2   | Noticed a six-headed hydra
 13855 | Lair:2   | 13855 ||| INVOKING Finesse.
 13864 | Lair:2   | 13864 ||| SWAPPING to +0 flail.
 13869 | Lair:2   | Killed a six-headed hydra
 13870 | Lair:2   | 13870 ||| SWAPPING to +1 war axe of protection.
 13969 | Lair:2   | 13969 ||| Stepping ~*~*~tactically~*~*~ (hiding).
 13972 | Lair:2   | 13972 ||| Stepping ~*~*~tactically~*~*~ (stealth).
 13979 | Lair:2   | Reached XP level 13. HP: 54/76 MP: 21/21
 14091 | Lair:2   | 14091 ||| Stepping ~*~*~tactically~*~*~ (hiding).
 14093 | Lair:2   | 14093 ||| Stepping ~*~*~tactically~*~*~ (hiding).
 14199 | Lair:2   | 14199 ||| Stepping ~*~*~tactically~*~*~ (stealth).
 14260 | Lair:2   | 14260 ||| READING scroll of brand weapon.
 14260 | Lair:2   | 14260 ||| BRANDING +1 war axe of protection.
 14294 | Lair:2   | 14294 ||| INVOKING Heroism.
 14295 | Lair:2   | 14295 ||| INVOKING Finesse.
 14298 | Lair:2   | 14298 ||| SWAPPING to +0 flail.
 14306 | Lair:2   | Reached skill level 15 in Axes
 14306 | Lair:2   | 14306 ||| SWAPPING to +1 vampiric war axe.
 14383 | Lair:2   | 14383 ||| DRINKING potion of cancellation.
 14592 | Lair:2   | Found a hole to the Spider Nest.
 14653 | Lair:3   | 14653 ||| STAIRDANCE
 14666 | Lair:3   | Noticed Urug
 14666 | Lair:3   | Noticed Nessos
 14667 | Lair:3   | 14667 ||| STAIRDANCE
 14712 | Lair:3   | 14712 ||| STAIRDANCE
 14715 | Lair:2   | HP: 19/76 [poisoned by Nessos]
 14720 | Lair:2   | HP: 13/76 [poisoned by Nessos]
 15020 | Lair:3   | 15020 ||| STAIRDANCE
 15160 | Lair:3   | 15160 ||| STAIRDANCE
 15160 | Lair:3   | HP: 15/76 [Nessos/arrow (6)]
 15161 | Lair:2   | HP: 2/76 [poisoned by Nessos]
 15162 | Lair:2   | 15162 ||| DRINKING 6 potions of curing.
 15162 | Lair:2   | 15162 ||| (to cure poison)
 15459 | Lair:3   | 15459 ||| STAIRDANCE
 15495 | Lair:3   | 15495 ||| STAIRDANCE
 15497 | Lair:2   | 15497 ||| INVOKING Heroism.
 15589 | Lair:3   | 15589 ||| STAIRDANCE
 15593 | Lair:3   | 15593 ||| STAIRDANCE
 15719 | Lair:3   | 15719 ||| STAIRDANCE
 15721 | Lair:2   | 15721 ||| INVOKING Heroism.
 15722 | Lair:2   | 15722 ||| INVOKING Finesse.
 15740 | Lair:2   | Killed Urug
 15851 | Lair:3   | 15851 ||| STAIRDANCE
 15853 | Lair:2   | 15853 ||| INVOKING Heroism.
 15898 | Lair:3   | 15898 ||| STAIRDANCE
 16131 | Lair:3   | 16131 ||| INVOKING Finesse.
 16150 | Lair:3   | 16150 ||| INVOKING Heroism.
 16158 | Lair:3   | 16158 ||| Stepping ~*~*~tactically~*~*~ (hiding).
 16158 | Lair:3   | HP: 19/76 [poisoned by Nessos]
 16159 | Lair:3   | 16159 ||| READING 4 scrolls of teleportation.
 16160 | Lair:3   | 16160 ||| DRINKING 2 potions of heal wounds.
 16336 | Lair:3   | 16336 ||| INVOKING Heroism.
 16339 | Lair:3   | 16339 ||| SWAPPING to +0 flail.
 16347 | Lair:3   | 16347 ||| SWAPPING to +1 vampiric war axe.
 16506 | Lair:3   | Found a transporter.
 16520 | Lair:3   | Killed Nessos
 16520 | Lair:3   | Received a gift from Okawaru
 16664 | Lair:3   | Found a transporter.
 16664 | Lair:3   | Noticed Rupert
 16665 | Lair:3   | 16665 ||| INVOKING Heroism.
 16665 | Lair:3   | Paralysed by Rupert for 3 turns
 16684 | Lair:3   | Killed Rupert
 16723 | Lair:3   | Noticed qw's ghost (journeyman TeWr)
 16966 | Lair:3   | 16966 ||| INVOKING Heroism.
 17022 | Lair:3   | Noticed Snorg
 17023 | Lair:3   | 17023 ||| INVOKING Heroism.
 17024 | Lair:3   | 17024 ||| INVOKING Finesse.
 17032 | Lair:3   | Killed Snorg
 17096 | Lair:3   | Reached skill level 16 in Axes
 17282 | Lair:3   | 17282 ||| INVOKING Heroism.
 17466 | Lair:3   | Found a staircase to the Swamp.
 17467 | Lair:3   | 17467 ||| Stepping ~*~*~tactically~*~*~ (hiding).
 17975 | Lair:4   | 17975 ||| Stepping ~*~*~tactically~*~*~ (stealth).
 17981 | Lair:4   | 17981 ||| INVOKING Heroism.
 18027 | Lair:4   | 18027 ||| READING scroll of enchant armour.
 18027 | Lair:4   | 18027 ||| ENCHANTING +0 cloak of poison resistance.
 18058 | Lair:4   | 18058 ||| Stepping ~*~*~tactically~*~*~ (stealth).
 18062 | Lair:4   | 18062 ||| Stepping ~*~*~tactically~*~*~ (stealth).
 18065 | Lair:4   | 18065 ||| INVOKING Heroism.
 18118 | Lair:4   | 18118 ||| INVOKING Heroism.
 18145 | Lair:4   | 18145 ||| Stepping ~*~*~tactically~*~*~ (stealth).
 18375 | Lair:4   | 18375 ||| INVOKING Heroism.
 18534 | Lair:4   | 18534 ||| READING scroll labelled POYNUNN TEORHO.
 18559 | Lair:5   | Entered Level 5 of the Lair of Beasts
 18560 | Lair:5   | 18560 ||| STAIRDANCE
 18562 | Lair:4   | 18562 ||| INVOKING Heroism.
 18563 | Lair:4   | 18563 ||| SWAPPING to +0 flail.
 18564 | Lair:4   | 18564 ||| INVOKING Finesse.
 18567 | Lair:4   | Reached skill level 9 in Armour
 18567 | Lair:4   | 18567 ||| SWAPPING to +1 vampiric war axe.
 18650 | Lair:5   | 18650 ||| STAIRDANCE
 18658 | Lair:5   | 18658 ||| STAIRDANCE
 18710 | Lair:5   | 18710 ||| INVOKING Heroism.
 18791 | Lair:5   | 18791 ||| INVOKING Heroism.
 18833 | Lair:5   | Found a staircase to the Slime Pits.
 18908 | Lair:5   | 18908 ||| INVOKING Heroism.
 18909 | Lair:5   | 18909 ||| INVOKING Finesse.
 18911 | Lair:5   | 18911 ||| Stepping ~*~*~tactically~*~*~ (stealth).
 18912 | Lair:5   | 18912 ||| Stepping ~*~*~tactically~*~*~ (stealth).
 18913 | Lair:5   | 18913 ||| SWAPPING to +0 flail.
 18918 | Lair:5   | 18918 ||| SWAPPING to +1 vampiric war axe.
 18924 | Lair:5   | Reached skill level 9 in Fighting
 19014 | Lair:5   | 19014 ||| INVOKING Heroism.
 19025 | Lair:5   | Reached XP level 14. HP: 86/86 MP: 20/22
 19230 | Lair:5   | Received a gift from Okawaru
 19237 | Lair:5   | Reached skill level 6 in Dodging
 19350 | Lair:5   | 19350 ||| Stepping ~*~*~tactically~*~*~ (stealth).
 19351 | Lair:5   | 19351 ||| Stepping ~*~*~tactically~*~*~ (stealth).
 19359 | Lair:5   | 19359 ||| Stepping ~*~*~tactically~*~*~ (stealth).
 19365 | Lair:5   | 19365 ||| INVOKING Heroism.
 19403 | Lair:5   | 19403 ||| INVOKING Heroism.
 19404 | Lair:5   | 19404 ||| INVOKING Finesse.
 19407 | Lair:5   | 19407 ||| Stepping ~*~*~tactically~*~*~ (cloud).
 19434 | Lair:5   | Reached skill level 6 in Throwing
 19469 | Lair:5   | 19469 ||| Stepping ~*~*~tactically~*~*~ (hiding).
 19479 | Lair:5   | Reached skill level 6 in Shields
 19479 | Lair:5   | 19479 ||| Stepping ~*~*~tactically~*~*~ (stealth).
 19480 | Lair:5   | 19480 ||| INVOKING Finesse.
 19525 | Lair:5   | Identified the +4 broad axe of Distraction {flame, Fly rF+
                  | Int+2}
 19527 | Lair:5   | 19527 ||| SWAPPING to +4 broad axe of Distraction {flame,
                  | Fly rF+ Int+2}.
 19528 | Lair:5   | 19528 ||| DROPPING +0 flail.
 19683 | Lair:5   | 19683 ||| INVOKING Heroism.
 19803 | Lair:5   | 19803 ||| Stepping ~*~*~tactically~*~*~ (stealth).
 19805 | Lair:5   | 19805 ||| Stepping ~*~*~tactically~*~*~ (stealth).
 19809 | Lair:5   | 19809 ||| INVOKING Heroism.
 19824 | Lair:5   | Identified the +6 buckler of Vaddipn {Dex+2} (Okawaru
                  | gifted it to you on level 5 of the Lair of Beasts)
 19824 | Lair:5   | Received a gift from Okawaru
 20154 | Lair:5   | 20154 ||| PLANNING D:1-11
 20154 | Lair:5   | 20154 ||| UPGRADING to +6 buckler of Vaddipn {Dex+2}.
 20164 | Lair:5   | 20164 ||| DROPPING +0 buckler.
 20165 | Lair:5   | 20165 ||| READING scroll labelled HUMAVY XURIEGO.
 20365 | D:11     | 20365 ||| INVOKING Heroism.
 20366 | D:11     | 20366 ||| INVOKING Finesse.
 20437 | D:11     | 20437 ||| Stepping ~*~*~tactically~*~*~ (stealth).
 20472 | D:11     | 20472 ||| INVOKING Heroism.
 20528 | D:11     | 20528 ||| Stepping ~*~*~tactically~*~*~ (hiding).
 20912 | D:11     | 20912 ||| Stepping ~*~*~tactically~*~*~ (stealth).
 20915 | D:11     | 20915 ||| INVOKING Heroism.
 20916 | D:11     | 20916 ||| Stepping ~*~*~tactically~*~*~ (stealth).
 20938 | D:11     | Reached skill level 17 in Axes
 21232 | D:11     | 21232 ||| Stepping ~*~*~tactically~*~*~ (hiding).
 21240 | D:11     | 21240 ||| Stepping ~*~*~tactically~*~*~ (hiding).
 21259 | D:11     | 21259 ||| PLANNING D
 21467 | D:12     | 21467 ||| Stepping ~*~*~tactically~*~*~ (stealth).
 21470 | D:12     | 21470 ||| Stepping ~*~*~tactically~*~*~ (stealth).
 21477 | D:12     | 21477 ||| Stepping ~*~*~tactically~*~*~ (stealth).
 21622 | D:12     | Found Geustraf's General Store.
 21625 | D:12     | 21625 ||| BUYING 2 potions of curing (84 gold).
 21625 | D:12     | Bought 2 potions of curing for 84 gold pieces
 21625 | D:12     | 21625 ||| SHOPLISTING scroll of acquirement (728 gold, have
                  | 587).
 21625 | D:12     | 21625 ||| BUYING scroll of teleportation (42 gold).
 21625 | D:12     | Bought a scroll of teleportation for 42 gold pieces
 21644 | D:12     | 21644 ||| INVOKING Heroism.
 21645 | D:12     | 21645 ||| INVOKING Finesse.
 21863 | D:12     | Found a large runed translucent door.
 21871 | D:12     | Found a large runed translucent door.
 21967 | D:12     | 21967 ||| INVOKING Heroism.
 22213 | D:12     | 22213 ||| READING 7 scrolls of teleportation.
 22415 | D:13     | 22415 ||| FLEEEEING.
 22416 | D:13     | 22416 ||| FLEEEEING.
 22417 | D:13     | 22417 ||| FLEEEEING.
 22474 | D:13     | 22474 ||| FLEEEEING.
 22475 | D:13     | 22475 ||| FLEEEEING.
 22570 | D:13     | 22570 ||| Stepping ~*~*~tactically~*~*~ (hiding).
 22572 | D:13     | 22572 ||| Stepping ~*~*~tactically~*~*~ (hiding).
 22574 | D:13     | 22574 ||| Stepping ~*~*~tactically~*~*~ (hiding).
 22685 | D:13     | 22685 ||| INVOKING Heroism.
 22958 | D:14     | 22958 ||| INVOKING Heroism.
 22970 | D:14     | Reached skill level 18 in Axes
 23002 | D:14     | 23002 ||| Stepping ~*~*~tactically~*~*~ (hiding).
 23007 | D:14     | 23007 ||| INVOKING Heroism.
 23139 | D:14     | 23139 ||| Stepping ~*~*~tactically~*~*~ (hiding).
 23300 | D:14     | Found a gate to the Vaults.
 23344 | D:14     | 23344 ||| Stepping ~*~*~tactically~*~*~ (stealth).
 23345 | D:14     | 23345 ||| INVOKING Heroism.
 23430 | D:14     | 23430 ||| Stepping ~*~*~tactically~*~*~ (hiding).
 23432 | D:14     | 23432 ||| Stepping ~*~*~tactically~*~*~ (stealth).
 23433 | D:14     | 23433 ||| Stepping ~*~*~tactically~*~*~ (hiding).
 23434 | D:14     | 23434 ||| Stepping ~*~*~tactically~*~*~ (hiding).
 23435 | D:14     | 23435 ||| INVOKING Heroism.
 23446 | D:14     | Reached XP level 15. HP: 54/92 MP: 21/23
 23458 | D:14     | HP: 16/92 [skeletal warrior/+4 flail (8)]
 23459 | D:14     | 23459 ||| READING 6 scrolls of teleportation.
 23459 | D:14     | HP: 3/92 [skeletal warrior/+0 glaive (13)]
 23460 | D:14     | 23460 ||| DRINKING 3 potions of heal wounds.
 23461 | D:14     | 23461 ||| DRINKING 2 potions of heal wounds.
 23463 | D:14     | 23463 ||| DRINKING potion of heal wounds.
 23693 | D:14     | 23693 ||| INVOKING Heroism.
 23847 | D:14     | 23847 ||| INVOKING Heroism.
 23906 | D:14     | 23906 ||| Stepping ~*~*~tactically~*~*~ (hiding).
 24097 | D:14     | 24097 ||| INVOKING Heroism.
 24104 | D:14     | Received a gift from Okawaru
 24427 | D:14     | 24427 ||| UPGRADING to +0 pair of gloves.
 24432 | D:14     | 24432 ||| UPGRADING to +0 storm dragon scales.
 24495 | D:15     | Entered Level 15 of the Dungeon
 24512 | D:15     | 24512 ||| INVOKING Heroism.
 24514 | D:15     | 24514 ||| Stepping ~*~*~tactically~*~*~ (stealth).
 24515 | D:15     | 24515 ||| Stepping ~*~*~tactically~*~*~ (stealth).
 24877 | D:15     | 24877 ||| INVOKING Heroism.
 24879 | D:15     | Reached skill level 9 in Dodging
 24887 | D:15     | 24887 ||| Stepping ~*~*~tactically~*~*~ (stealth).
 24959 | D:15     | 24959 ||| Stepping ~*~*~tactically~*~*~ (stealth).
 24972 | D:15     | 24972 ||| Stepping ~*~*~tactically~*~*~ (stealth).
 24975 | D:15     | 24975 ||| Stepping ~*~*~tactically~*~*~ (stealth).
 24999 | D:15     | 24999 ||| INVOKING Heroism.
 25001 | D:15     | 25001 ||| Stepping ~*~*~tactically~*~*~ (hiding).
 25004 | D:15     | Received a gift from Okawaru
 25015 | D:15     | HP: 12/92 [something (14)]
 25016 | D:15     | 25016 ||| READING 5 scrolls of teleportation.
 25019 | D:15     | 25019 ||| INVOKING Heroism.
 25336 | D:15     | Found a staircase to the Depths.
 25393 | D:15     | 25393 ||| INVOKING Heroism.
 25729 | D:15     | 25729 ||| Stepping ~*~*~tactically~*~*~ (hiding).
 25996 | D:15     | 25996 ||| PLANNING ORC
 25996 | D:15     | 25996 ||| DROPPING +1 buckler of protection.
 25997 | D:15     | 25997 ||| DROPPING ring of wizardry.
 26132 | Orc:1    | Entered Level 1 of the Orcish Mines
 26370 | Orc:1    | 26370 ||| INVOKING Heroism.
 26426 | Orc:1    | 26426 ||| INVOKING Heroism.
 26526 | Orc:1    | 26526 ||| Stepping ~*~*~tactically~*~*~ (hiding).
 26623 | Orc:2    | Entered Level 2 of the Orcish Mines
 26623 | Orc:2    | Found a staircase to the Elven Halls.
 26624 | Orc:2    | 26624 ||| STAIRDANCE
 26670 | Orc:2    | 26670 ||| FLEEEEING.
 26671 | Orc:2    | 26671 ||| STAIRDANCE
 26671 | Orc:2    | Noticed Erolcha
 26715 | Orc:2    | 26715 ||| STAIRDANCE
 26750 | Orc:2    | 26750 ||| STAIRDANCE
 26757 | Orc:1    | Killed Erolcha
 26828 | Orc:2    | 26828 ||| STAIRDANCE
 26838 | Orc:2    | 26838 ||| INVOKING Heroism.
 26895 | Orc:2    | 26895 ||| INVOKING Heroism.
 27145 | Orc:2    | Noticed Sonja
 27146 | Orc:2    | 27146 ||| INVOKING Finesse.
 27152 | Orc:2    | Killed Sonja
 27261 | Orc:2    | 27261 ||| Stepping ~*~*~tactically~*~*~ (hiding).
 27265 | Orc:2    | Found Veisocky's Antique Weapon Boutique.
 27272 | Orc:2    | 27272 ||| FLEEEEING.
 27273 | Orc:2    | 27273 ||| FLEEEEING.
 27276 | Orc:2    | 27276 ||| FLEEEEING.
 27277 | Orc:2    | 27277 ||| FLEEEEING.
 27278 | Orc:2    | 27278 ||| FLEEEEING.
 27279 | Orc:2    | 27279 ||| FLEEEEING.
 27280 | Orc:2    | 27280 ||| INVOKING Heroism.
 27291 | Orc:2    | Paralysed by an orc sorcerer for 2 turns
 27301 | Orc:2    | HP: 12/94 [orc warrior/+2 mace of holy wrath (20)]
 27302 | Orc:2    | 27302 ||| READING 4 scrolls of teleportation.
 27303 | Orc:2    | 27303 ||| DRINKING potion of heal wounds.
 27479 | Orc:2    | 27479 ||| FLEEEEING.
 27526 | Orc:2    | Noticed Saint Roka
 27527 | Orc:2    | 27527 ||| INVOKING Heroism.
 27546 | Orc:2    | Slain by Saint Roka

Levels and vault maps discovered:
D:1:      grunt_arrival_lava_bath, layout_rooms,
          shapermc_ecumenical_altar_notcrosses, serial_shops,
          nicolae_shop_behind_doors
D:2:      layout_basic, minmay_shallow_snake_nest, uniq_jessica
D:3:      layout_rooms, mainiacjoe_overflow_alcove_1,
          mainiacjoe_overflow_alcove_4, nicolae_overflow_hidden_temple,
          mainiacjoe_overflow_six_doors_small, grunt_ministairs_13,
          corner_web_ring, minmay_fountain_box, uniq_natasha
D:4:      layout_loops_corners, kennysheep_orc_sif_temple,
          mainiacjoe_overflow_large_starburst, minmay_temple_entry_tees,
          hangedman_abyss_or_decor_stabs, minmay_misc_feat_enclosed, st_stairs_4
D:5:      layout_loops_corners, vehumet_statue, mainiacjoe_overflow_alcove_2,
          nicolae_tso_carved_into_rock, enter_ossuary_3, uniq_sigmund
D:6:      layout_loops_ring, ebering_ghost_reflecting_pool
D:7:      layout_cave_pools, grunt_gozag_breadcrumbs
D:8:      layout_loops_ring, enter_bailey_3, kennysheep_donut,
          uniq_prince_ribbit1
D:9:      layout_cave_pools, lemuel_zombie_altar_kikubaaqudgha, orc_0_dummy,
          serial_shops, nicolae_shop_temple_entry_statues_fountains,
          serial_column_ruins, column_ruins_grid_4, column_ruins_open_tiny,
          column_ruins_columns_corner, column_ruins_open_tiny,
          column_ruins_open_small_water, column_ruins_open_tiny,
          hangedman_decor_clover_reticule, nicolae_transporter_circle,
          uniq_pikel
D:10:     erik_rubicon_a, layout_basic, lemuel_tele_altar, uniq_maurice
D:11:     layout_roguey
D:12:     layout_basic, serial_shops, nicolae_shop_behind_doors,
          lightli_elemental_guards
D:13:     layout_gridville
D:14:     layout_grid_maze, david_vaults_4
D:15:     hangedman_depths_entry_civil_slaughter, layout_cave_pools
Temple:   hellmonk_temple_forest_ring
Lair:1:   layout_loops_ring
Lair:2:   layout_cave_shapes, hellmonk_spider_entry_life_and_decay
Lair:3:   layout_regular_city, nicolae_swamp_entry_splash_gauntlet,
          nzn_ghost_randoct, beast_lair_carwin_4, serial_bayou_shore_b,
          uniq_nessos, uniq_snorg, uniq_urug, uniq_rupert
Lair:4:   layout_long_grid
Lair:5:   grunt_lair_end_beastmaster, layout_cave_pods, slime_entry_1,
          st_stairs_10, chequers_serial_rivers_micro_c, lemuel_fruit_tree
Orc:1:    layout_diamond_mine, special_room [special_room_bee]
Orc:2:    st_orc_elflike, layout_caves, mines_bat_river, uniq_erolcha,
          uniq_sonja, uniq_saint_roka

Skill      XL: |  1  2  3  4  5  6  7  8  9 10 11 12 13 14 15 |
---------------+----------------------------------------------+-----
Axes           | 3 4 5 6 7 9 11 12 14 16 18 | 18.0
Shields        | 1 2 3 4 5 6 7 |  7.0
Dodging        | 3 4 5 6 9 |  9.0
Fighting       | 3 5 6 7 9 10 11 | 11.0
Invocations    | 2 4 6 10 | 10.1
Armour         | 3 5 6 7 9 10 11 | 11.0
Throwing       | 2 3 4 6 7 |  7.7
Spellcasting   | |  2.0
Translocations | |  2.4

Action                   |  1- 3 |  4- 6 |  7- 9 | 10-12 | 13-15 || total
-------------------------+-------+-------+-------+-------+-------++-------
Melee: Hand axe          |    81 |   113 |   231 |    58 |       ||   483
       Kick              |    18 |    26 |    71 |    93 |   363 ||   571
       Peck              |     9 |    14 |    43 |    54 |   226 ||   346
       Punch             |       |     1 |       |       |       ||     1
       War axe           |       |       |       |   206 |   310 ||   516
       Flail             |       |       |       |     3 |    17 ||    20
       Broad axe         |       |       |       |       |   535 ||   535
Throw: Boomerang         |     7 |       |    67 |    44 |    25 ||   143
       Javelin           |       |       |       |    25 |   147 ||   172
Invok: Heroism           |       |       |    19 |    24 |    47 ||    90
       Finesse           |       |       |       |     1 |    11 ||    12
  Use: Scroll            |     5 |     8 |     7 |    14 |     9 ||    43
       Potion            |     1 |     4 |     4 |     4 |     7 ||    20
 Stab: Sleeping          |       |       |     1 |       |       ||     1
       Distracted        |       |       |       |     1 |       ||     1
       Petrifying        |       |       |       |       |     3 ||     3
       Petrified         |       |       |       |       |     3 ||     3
Armor: Leather armour    |    25 |    12 |       |       |       ||    37
       Robe              |       |    16 |    12 |       |       ||    28
       Chain mail        |       |       |    34 |       |       ||    34
       Plate armour      |       |       |    19 |    98 |   189 ||   306
       Storm dragon scal |       |       |       |       |    49 ||    49
Dodge: Dodged            |    36 |    68 |    73 |    83 |   434 ||   694
Block: Buckler           |       |    11 |    42 |    53 |   352 ||   458

Table legend:
 A = Non-vault XP
 B = Vault XP
 C = Vault XP percentage of total XP
 D = Non-vault monster count
 E = Vault monster count
 F = Vault count percentage of total count
                 A         B        C        D         E       F
            +---------+---------+-------+---------+---------+-------
      Total |   76410 |   31115 |  28.9 |     471 |     124 |  20.8
            +---------+---------+-------+---------+---------+-------
        D:1 |      32 |       0 |   0.0 |      19 |       0 |   0.0
        D:2 |      48 |      61 |  56.0 |      15 |       9 |  37.5
        D:3 |     105 |      39 |  27.1 |      18 |       2 |  10.0
        D:4 |     237 |      44 |  15.7 |      23 |       4 |  14.8
        D:5 |     803 |     255 |  24.1 |      30 |       2 |   6.2
        D:6 |    1008 |       0 |   0.0 |      23 |       0 |   0.0
        D:7 |     278 |       0 |   0.0 |      17 |       0 |   0.0
        D:8 |     855 |     279 |  24.6 |      31 |       5 |  13.9
        D:9 |    2742 |     655 |  19.3 |      19 |       5 |  20.8
       D:10 |    3603 |     445 |  11.0 |      34 |       1 |   2.9
       D:11 |    4548 |       0 |   0.0 |      25 |       0 |   0.0
       D:12 |    3551 |       0 |   0.0 |      10 |       0 |   0.0
       D:13 |    3311 |       0 |   0.0 |       6 |       0 |   0.0
       D:14 |   13158 |    1507 |  10.3 |      24 |       3 |  11.1
       D:15 |   14127 |    4356 |  23.6 |      23 |       6 |  20.7
     Lair:1 |    5795 |       0 |   0.0 |      30 |       0 |   0.0
     Lair:2 |    5347 |    1442 |  21.2 |      22 |       4 |  15.4
     Lair:3 |    1529 |    7203 |  82.5 |       4 |      13 |  76.5
     Lair:4 |    3827 |    1482 |  27.9 |      23 |       3 |  11.5
     Lair:5 |    8839 |    6625 |  42.8 |      25 |      16 |  39.0
      Orc:1 |     635 |    2787 |  81.4 |      11 |      28 |  71.8
      Orc:2 |    2032 |    3935 |  65.9 |      39 |      23 |  37.1
            +---------+---------+-------+---------+---------+-------
